 Dungeon Crawl Stone Soup version 0.24-a0-307-gf989941d98 (webtiles) character file.

Game seed: 1571721862271687116

72 GordonOverkill the Magician (level 4, -2/30 HPs)
             Began as a Mummy Fire Elementalist on May 13, 2019.
             Slain by a hippogriff (10 damage)
             ... on level 3 of the Dungeon.
             The game lasted 00:04:39 (2097 turns).

GordonOverkill the Magician (MuFE)                  Turns: 2097, Time: 00:04:40

Health: -2/30      AC:  3    Str: 11    XL:     4   Next: 7%
Magic:  3/9        EV: 12    Int: 15    God:
Gold:   90         SH:  0    Dex: 12    Spells: 4/10 levels left

rFire    x . .     SeeInvis .   b - +0 hunting sling
rCold    + . .     Gourm    .   (no shield)
rNeg     + + +     Faith    .   g - +0 robe
rPois    ∞         Spirit   .   (no helmet)
rElec    .         Reflect  .   (no cloak)
rCorr    .         Harm     .   j - +0 pair of gloves
MR       .....                  (no boots)
Stlth    ++........             (no amulet)
HPRegen  0.10/turn              (no ring)
MPRegen  0.11/turn              (no ring)

@: very slightly contaminated
A: no food or potions, fire vulnerability, cold resistance 1, negative energy
resistance 3, torment resistance, unbreathing
a: no special abilities


You were on level 3 of the Dungeon.
You were not hungry.

You visited 1 branch of the dungeon, and saw 3 of its levels.

You collected 90 gold pieces.

Inventory:

Hand Weapons
 a - a +0 dagger
 b - a +0 hunting sling (weapon)
 l - a +0 spear
Missiles
 e - 64 stones (quivered)
Armour
 g - a +0 robe (worn)
 i - a +0 leather armour
 j - a +0 pair of gloves (worn)
Scrolls
 c - 5 scrolls of identify {unknown}
 d - a scroll of blinking {unknown}
 f - a scroll of enchant weapon {unknown}
 h - a scroll of amnesia {unknown}
 k - a scroll of remove curse {unknown}
 m - a scroll of teleportation {unknown}


   Skills:
 - Level 1.5 Dodging
 - Level 1.5 Stealth
 + Level 3.8 Spellcasting
 * Level 2.7 Conjurations
 - Level 2.4 Fire Magic


You had 4 spell levels left.
You knew the following spells:

 Your Spells              Type           Power        Failure   Level  Hunger
a - Flame Tongue          Conj/Fire      ##...        6%          1    N/A
b - Throw Flame           Conj/Fire      ##....       10%         2    N/A
c - Conjure Flame         Conj/Fire      ##......     19%         3    N/A

Your spell library contained the following spells:

 Spells                   Type           Power        Failure   Level  Hunger
 Inner Flame              Hex/Fire       #.......     34%         3    N/A
 Sticky Flame             Conj/Fire      ##......     54%         4    N/A
 Fireball                 Conj/Fire      ##........   87%         5    N/A

Dungeon Overview and Level Annotations

Branches:
Dungeon (3/15)

Altars:
Okawaru
Wu Jian


Innate Abilities, Weirdness & Mutations

You do not eat or drink.
Your flesh is vulnerable to fire.
You are immune to poison.
Your flesh is cold resistant. (rC+)
You are immune to negative energy. (rN+++)
You are immune to unholy pain and torment.
You can survive without breathing.


Message History

Confirm with . or Enter, or press ? or * to list all spells.
Aiming: Flame Tongue (safe; 6% risk of failure)
Press: ? - help, Shift-Dir - straight line, f/p - hippogriff
Aim: a hippogriff (lightly wounded)
The flame tongue hits the hippogriff.
The hippogriff is moderately wounded.
The hippogriff is engulfed in blazing flames.
The hippogriff bites you! The hippogriff pecks you! The hippogriff claws you.
* * * LOW HITPOINT WARNING * * *
Casting: Flame Tongue (safe; 6% risk of failure)
Confirm with . or Enter, or press ? or * to list all spells.
Aiming: Flame Tongue (safe; 6% risk of failure)
Press: ? - help, Shift-Dir - straight line, f/p - hippogriff
Aim: a hippogriff (flame, heavily wounded)
You miscast Flame Tongue.
You are very lightly contaminated with residual magic.
Wisps of smoke drift from your hands.
The hippogriff is engulfed in blazing flames.
The hippogriff bites you!
You die...

###.#....)...#
####..#.#.######
......##.#####
#...........#..
###.####.#
#.##......#.#.#
#.# #.#
#.##...>..#.#.###
#.. ..#
#.##.............
#### ###
#.##....###.#.##.
#.###.#.###.#.#
####.#
#.......#..
#.H@.#
#.....####..
#.#### #.....#
.## .. #.....# .#
#. #.....# .# #
#.....# #######


You could see a hippogriff.

Vanquished Creatures
  An adder (D:2)
  2 worms
  A dart slug (D:1)
  3 leopard geckos
  An orc (D:3)
  5 bats
  A giant cockroach (D:3)
  13 goblins
  2 hobgoblins
  A quokka (D:3)
  3 ball pythons
  3 frilled lizards (D:2)
  5 kobolds
  8 rats
49 creatures vanquished.

Notes
Turn   | Place    | Note
-------+----------+-------------------------------------------
     0 | D:1      | GordonOverkill the Mummy Fire Elementalist began the quest
                  | for the Orb.
     0 | D:1      | Reached XP level 1. HP: 13/13 MP: 4/4
    13 | D:1      | Reached skill level 1 in Conjurations
   298 | D:1      | Reached skill level 3 in Spellcasting
   312 | D:1      | Reached XP level 2. HP: 19/19 MP: 0/6
   769 | D:2      | Learned a level 2 spell: Throw Flame
   876 | D:2      | Reached XP level 3. HP: 24/24 MP: 4/7
   977 | D:2      | Learned a level 3 spell: Conjure Flame
   989 | D:2      | Found an iron altar of Okawaru.
  1789 | D:3      | Reached XP level 4. HP: 30/30 MP: 7/9
  1857 | D:3      | Found an ornate altar of the Wu Jian Council.
  2092 | D:3      | Noticed a hippogriff
  2097 | D:3      | Slain by a hippogriff

Levels and vault maps discovered:
D:1:      mrwooster_arrival_statue_2, layout_rooms
D:2:      layout_basic, okawaru_metal_pillars_1_2, first_ration
D:3:      layout_loops_cross, lemuel_doored_altar

Skill      XL: |  1  2 |
---------------+-------+-----
Conjurations   | 1 2 |  2.7
Spellcasting   | 3 |  3.8
Dodging        | |  1.5
Stealth        | |  1.5
Fire Magic     | |  2.4

Action                   |  1- 3 |  4- 6 || total
-------------------------+-------+-------++-------
Melee: Unarmed           |     3 |       ||     3
 Fire: Hunting sling     |    69 |     2 ||    71
 Cast: Flame Tongue      |    49 |     5 ||    54
       Conjure Flame     |       |     1 ||     1
Armor: Robe              |     1 |     1 ||     2
Dodge: Dodged            |    16 |       ||    16

Table legend:
 A = Non-vault XP
 B = Vault XP
 C = Vault XP percentage of total XP
 D = Non-vault monster count
 E = Vault monster count
 F = Vault count percentage of total count
                 A         B        C        D         E       F
            +---------+---------+-------+---------+---------+-------
      Total |     104 |       0 |   0.0 |      49 |       0 |   0.0
            +---------+---------+-------+---------+---------+-------
        D:1 |      20 |       0 |   0.0 |      12 |       0 |   0.0
        D:2 |      60 |       0 |   0.0 |      26 |       0 |   0.0
        D:3 |      24 |       0 |   0.0 |      11 |       0 |   0.0
            +---------+---------+-------+---------+---------+-------
